| TOP OF THE 1ST |
|
San Francisco (APP) Giants batting - Pitching for Bristol Pirates : RHP Jerry Spitler
|
|
Pitching: RHP Jerry Spitler
|
|
|
Batting: RHB Sean Gilbert
|
0-0: Called Strike 0-1: Ball 1-1: Ball 2-1: Foul Ball, location: 2F 2-2: Strikes out swinging
|
|
Batting: RHB Jonathan Hemsley
|
0-0: Ground out 6-3 (Groundball, 6D, EV 100.0 MPH)
|
|
Batting: SHB Michael Woodard
|
0-0: Ball 1-0: Fly out, F9 (Line Drive, 9S, EV 98.8 MPH)
|
| Top of the 1st over - 0 runs, 0 hits, 0 errors, 0 left on base; San Francisco (APP) 0 - Bristol 0 |
| BOTTOM OF THE 1ST |
|
Bristol Pirates batting - Pitching for San Francisco (APP) Giants : LHP Ken Cromsie
|
|
Pitching: LHP Ken Cromsie
|
|
|
Batting: SHB Don Hauk
|
0-0: Ball 1-0: Swinging Strike 1-1: Ball 2-1: Ball 3-1: Foul Ball, location: 2F 3-2: Base on Balls
|
|
Batting: SHB Ronnie Brooks
|
0-0: Called Strike 0-1: Ball 1-1: Ball 2-1: Ball 3-1: Base on Balls Don Hauk to second
|
|
Batting: LHB Josh Aerni
|
0-0: Foul Ball, location: 2F 0-1: 3-RUN HOME RUN (Line Drive, 9D, EV 91.2 MPH), Distance : 350 ft
|
|
Batting: RHB Ricky Alvarado
|
0-0: Fly out, F8 (Flyball, 8LD, EV 95.6 MPH)
|
|
Batting: RHB Alex Arzate
|
0-0: Ball 1-0: Ball 2-0: Ball 3-0: Base on Balls
|
|
Batting: RHB Jon Solis
|
0-0: Called Strike 0-1: Fielders Choice at 2nd, 3-6 (Groundball, 3S, EV 85.6 MPH)
|
|
Batting: RHB Hidesuke Yoshida
|
0-0: Called Strike 0-1: Ball 1-1: Foul Ball, location: 2F 1-2: Foul Ball, location: 2F 1-2: Ball 2-2: Fly out, F3 (Popup, 3S, EV 76.2 MPH)
|
| Bottom of the 1st over - 3 runs, 1 hit, 0 errors, 1 left on base; San Francisco (APP) 0 - Bristol 3 |
| TOP OF THE 2ND |
|
San Francisco (APP) Giants batting - Pitching for Bristol Pirates : RHP Jerry Spitler
|
|
Batting: RHB Jerry Schlaak
|
0-0: Ball 1-0: Ground out 1-3 (Groundball, 13, EV 63.8 MPH)
|
|
Batting: RHB Rúbem Trancoso
|
0-0: Foul Ball, location: 2F 0-1: Ball 1-1: Ground out U3 (Groundball, 3, EV 101.9 MPH)
|
|
Batting: SHB Russ Hudson
|
0-0: Called Strike 0-1: Ball 1-1: Foul Ball, location: 2F 1-2: Foul Ball, location: 2F 1-2: Foul Ball, location: 2F 1-2: Strikes out swinging
|
| Top of the 2nd over - 0 runs, 0 hits, 0 errors, 0 left on base; San Francisco (APP) 0 - Bristol 3 |
| BOTTOM OF THE 2ND |
|
Bristol Pirates batting - Pitching for San Francisco (APP) Giants : LHP Ken Cromsie
|
|
Batting: RHB Ryan LeSueur
|
0-0: Foul Ball, location: 2F 0-1: Ball 1-1: Called Strike 1-2: Ball 2-2: Strikes out swinging
|
|
Batting: SHB Juan Ayala
|
0-0: Foul Ball, location: 2F 0-1: Ball 1-1: Ball 2-1: Foul Ball, location: 2F 2-2: Foul Ball, location: 2F 2-2: Ball 3-2: Strikes out swinging
|
|
Batting: SHB Don Hauk
|
0-0: Ball 1-0: Swinging Strike 1-1: Called Strike 1-2: Foul Ball, location: 2F 1-2: Ball 2-2: Foul Ball, location: 2F 2-2: Ball 3-2: DOUBLE (Flyball, 78D, EV 101.9 MPH)
|
|
Batting: SHB Ronnie Brooks
|
0-0: Ball Passed Ball! Don Hauk to third 1-0: SINGLE (Groundball, 56, EV 96.9 MPH) Don Hauk scores
|
|
Batting: LHB Josh Aerni
|
0-0: Ball 1-0: Ball Passed Ball! Ronnie Brooks to second 2-0: Foul Ball, location: 2F 2-1: Called Strike 2-2: Ground out 6-3 (Groundball, 6S, EV 65.0 MPH)
|
| Bottom of the 2nd over - 1 run, 2 hits, 0 errors, 1 left on base; San Francisco (APP) 0 - Bristol 4 |
| TOP OF THE 3RD |
|
San Francisco (APP) Giants batting - Pitching for Bristol Pirates : RHP Jerry Spitler
|
|
Batting: RHB Edward Jones
|
0-0: Foul Ball, location: 2F 0-1: Foul Ball, location: 2F 0-2: Strikes out swinging
|
|
Batting: RHB James Jenkins
|
0-0: Called Strike 0-1: Swinging Strike 0-2: Ball 1-2: Ball 2-2: Strikes out swinging
|
|
Batting: RHB Danny Estrada
|
0-0: Called Strike 0-1: Ball 1-1: Swinging Strike 1-2: Foul Ball, location: 2F 1-2: Ball 2-2: Strikes out swinging
|
| Top of the 3rd over - 0 runs, 0 hits, 0 errors, 0 left on base; San Francisco (APP) 0 - Bristol 4 |
| BOTTOM OF THE 3RD |
|
Bristol Pirates batting - Pitching for San Francisco (APP) Giants : LHP Ken Cromsie
|
|
Batting: RHB Ricky Alvarado
|
0-0: SINGLE (Line Drive, 8RS, EV 91.9 MPH)
|
|
Batting: RHB Alex Arzate
|
0-0: Called Strike 0-1: Called Strike 0-2: Ball 1-2: Strikes out swinging
|
|
Pitching: RHP Newt Reid
|
|
|
Batting: RHB Jon Solis
|
0-0: Ball 1-0: Called Strike Ricky Alvarado steals 2nd, throwing error, E2 Ricky Alvarado to third 1-1: Ball 2-1: Ball 3-1: Base on Balls
|
|
Batting: RHB Hidesuke Yoshida
|
0-0: TRIPLE (Line Drive, 89XD, EV 105.0 MPH) Ricky Alvarado scores Jon Solis scores
|
|
Batting: RHB Ryan LeSueur
|
0-0: SINGLE (Groundball, 4MD, EV 103.1 MPH) (infield hit) Hidesuke Yoshida scores
|
|
Batting: SHB Juan Ayala
|
0-0: Called Strike Ryan LeSueur steals 2nd base 0-1: Swinging Strike 0-2: Foul Ball, location: 2F 0-2: Strikes out swinging
|
|
Batting: SHB Don Hauk
|
0-0: Called Strike 0-1: Ball 1-1: Ball Passed Ball! Ryan LeSueur to third 2-1: Foul Ball, location: 2F 2-2: Ball 3-2: Base on Balls
|
|
Batting: SHB Ronnie Brooks
|
0-0: 3-RUN HOME RUN (Flyball, 78XD, EV 103.1 MPH), Distance : 421 ft
|
|
Pitching: RHP Sam Green
|
|
|
Batting: LHB Josh Aerni
|
0-0: Ball 1-0: Ball 2-0: Foul Ball, location: 2F 2-1: Foul Ball, location: 2F 2-2: Ball 3-2: Base on Balls
|
|
Batting: RHB Ricky Alvarado
|
0-0: Ball 1-0: Ball 2-0: Fielders Choice at 2nd, U6 (Groundball, 6M, EV 101.2 MPH)
|
| Bottom of the 3rd over - 6 runs, 4 hits, 1 error, 1 left on base; San Francisco (APP) 0 - Bristol 10 |
| TOP OF THE 4TH |
|
San Francisco (APP) Giants batting - Pitching for Bristol Pirates : RHP Jerry Spitler
|
|
Batting: RHB Sean Gilbert
|
0-0: Fly out, F7 (Flyball, 78D, EV 110.6 MPH)
|
|
Batting: RHB Jonathan Hemsley
|
0-0: Ball 1-0: Ball 2-0: Swinging Strike 2-1: Called Strike 2-2: SINGLE (Groundball, 56D, EV 102.5 MPH) (infield hit)
|
|
Batting: SHB Michael Woodard
|
0-0: Called Strike 0-1: Ball 1-1: Grounds into double play, 3-6-3 (Groundball, 34, EV 105.0 MPH)
|
| Top of the 4th over - 0 runs, 1 hit, 0 errors, 0 left on base; San Francisco (APP) 0 - Bristol 10 |
| BOTTOM OF THE 4TH |
|
Bristol Pirates batting - Pitching for San Francisco (APP) Giants : RHP Sam Green
|
|
Batting: RHB Alex Arzate
|
0-0: SINGLE (Flyball, 5D, EV 87.5 MPH)
|
|
Batting: RHB Jon Solis
|
0-0: Swinging Strike 0-1: Ball 1-1: Ball 2-1: Foul Ball, location: 2F 2-2: Fielders Choice at 2nd, 6-4 (Groundball, 56, EV 84.4 MPH)
|
|
Batting: RHB Hidesuke Yoshida
|
0-0: Ball 1-0: Foul Ball, location: 2F 1-1: Foul Ball, location: 2F 1-2: Ball 2-2: Foul Ball, location: 2F 2-2: Grounds into double play, 5-4-3 (Groundball, 5, EV 89.4 MPH)
|
| Bottom of the 4th over - 0 runs, 1 hit, 0 errors, 0 left on base; San Francisco (APP) 0 - Bristol 10 |
| TOP OF THE 5TH |
|
San Francisco (APP) Giants batting - Pitching for Bristol Pirates : RHP Jerry Spitler
|
|
Batting: RHB Jerry Schlaak
|
0-0: Ball 1-0: Fly out, F8 (Line Drive, 8RM, EV 88.8 MPH)
|
|
Batting: RHB Rúbem Trancoso
|
0-0: Ball 1-0: Fly out, F7 (Flyball, 7LS, EV 83.8 MPH)
|
|
Batting: SHB Russ Hudson
|
0-0: Swinging Strike 0-1: Ball 1-1: Swinging Strike 1-2: Foul Ball, location: 2F 1-2: Ball 2-2: DOUBLE (Line Drive, 5D, EV 93.8 MPH)
|
|
Batting: RHB Edward Jones
|
0-0: Called Strike 0-1: Ball 1-1: Foul Ball, location: 2F 1-2: Foul Ball, location: 2F 1-2: Ball 2-2: Ground out 6-3 (Groundball, 6, EV 92.5 MPH)
|
| Top of the 5th over - 0 runs, 1 hit, 0 errors, 1 left on base; San Francisco (APP) 0 - Bristol 10 |
| BOTTOM OF THE 5TH |
|
Bristol Pirates batting - Pitching for San Francisco (APP) Giants : RHP Sam Green
|
|
Pitching: RHP Conrad van Gemert
|
|
|
Batting: RHB Ryan LeSueur
|
0-0: Foul Ball, location: 2F 0-1: Ground out 5-3 (Groundball, 56, EV 86.2 MPH)
|
|
Batting: SHB Juan Ayala
|
0-0: Foul Ball, location: 2F 0-1: Ball 1-1: Called Strike 1-2: Fly out, F8 (Flyball, 8RXD, EV 100.6 MPH)
|
|
Batting: SHB Don Hauk
|
0-0: Ball 1-0: Ball 2-0: Called Strike 2-1: Foul Ball, location: 2F 2-2: Strikes out looking
|
| Bottom of the 5th over - 0 runs, 0 hits, 0 errors, 0 left on base; San Francisco (APP) 0 - Bristol 10 |
| TOP OF THE 6TH |
|
San Francisco (APP) Giants batting - Pitching for Bristol Pirates : RHP Jerry Spitler
|
|
Batting: RHB James Jenkins
|
0-0: Swinging Strike 0-1: Ball 1-1: Ball 2-1: Ground out 4-3 (Groundball, 4D, EV 100.6 MPH)
|
|
Batting: RHB Danny Estrada
|
0-0: Foul Ball, location: 2F 0-1: Foul Ball, location: 2F 0-2: Strikes out looking
|
|
Batting: RHB Sean Gilbert
|
0-0: Swinging Strike 0-1: Ball 1-1: Foul Ball, location: 2F 1-2: Foul Ball, location: 2F 1-2: Ball 2-2: Strikes out swinging
|
| Top of the 6th over - 0 runs, 0 hits, 0 errors, 0 left on base; San Francisco (APP) 0 - Bristol 10 |
| BOTTOM OF THE 6TH |
|
Bristol Pirates batting - Pitching for San Francisco (APP) Giants : RHP Conrad van Gemert
|
|
Batting: SHB Ronnie Brooks
|
0-0: Ball 1-0: SINGLE (Groundball, 13, EV 82.5 MPH) (infield hit)
|
|
Batting: LHB Josh Aerni
|
0-0: Fielders Choice at 2nd, 4-6 (Groundball, 4, EV 88.8 MPH)
|
|
Batting: RHB Ricky Alvarado
|
0-0: Foul Ball, location: 2F 0-1: Ball Passed Ball! Josh Aerni to second 1-1: Ball 2-1: Ground out 5-3 (Groundball, 5, EV 81.9 MPH)
|
|
Pitching: RHP Corey Foster
|
|
|
Batting: RHB Alex Arzate
|
0-0: Fly out, F8 (Flyball, 8LM, EV 86.9 MPH)
|
| Bottom of the 6th over - 0 runs, 1 hit, 0 errors, 1 left on base; San Francisco (APP) 0 - Bristol 10 |
| TOP OF THE 7TH |
|
San Francisco (APP) Giants batting - Pitching for Bristol Pirates : RHP Jerry Spitler
|
|
Batting: RHB Jonathan Hemsley
|
0-0: Called Strike 0-1: Ball 1-1: Ground out 6-3 (Groundball, 56D, EV 103.1 MPH)
|
|
Batting: SHB Michael Woodard
|
0-0: Fly out, F7 (Flyball, 78M, EV 91.2 MPH)
|
|
Batting: RHB Jerry Schlaak
|
0-0: Ball 1-0: Ball 2-0: Ball 3-0: Called Strike 3-1: Base on Balls
|
|
Batting: RHB Rúbem Trancoso
|
0-0: Called Strike 0-1: Ball 1-1: Foul Ball, location: 2F 1-2: Strikes out looking
|
| Top of the 7th over - 0 runs, 0 hits, 0 errors, 1 left on base; San Francisco (APP) 0 - Bristol 10 |
| BOTTOM OF THE 7TH |
|
Bristol Pirates batting - Pitching for San Francisco (APP) Giants : RHP Corey Foster
|
|
Batting: RHB Jon Solis
|
0-0: Called Strike 0-1: Ball 1-1: Ground out 6-3 (Groundball, 6, EV 80.6 MPH)
|
|
Pinch Hitting: LHB Kazuyoshi Ikeda
|
0-0: Called Strike 0-1: Ball 1-1: Foul Ball, location: 2F 1-2: Ball 2-2: Ball 3-2: Foul Ball, location: 2F 3-2: Base on Balls
|
|
Batting: RHB Ryan LeSueur
|
0-0: Called Strike 0-1: Ball 1-1: Swinging Strike 1-2: Strikes out swinging
|
|
Batting: SHB Juan Ayala
|
0-0: Ball 1-0: Called Strike 1-1: Ball Passed Ball! Kazuyoshi Ikeda to second 2-1: 2-RUN HOME RUN (Flyball, 89XD, EV 98.8 MPH), Distance : 386 ft
|
|
Pitching: LHP Randy Monaco
|
|
|
Pinch Hitting: RHB Randy Bergman
|
0-0: Ball 1-0: Foul Ball, location: 2F 1-1: Called Strike 1-2: Ball 2-2: Ball 3-2: Base on Balls
|
|
Batting: SHB Ronnie Brooks
|
0-0: Ball 1-0: Called Strike 1-1: 2-RUN HOME RUN (Flyball, 78XD, EV 105.0 MPH), Distance : 404 ft
|
|
Pinch Hitting: RHB Erik Mulligan
|
0-0: Swinging Strike 0-1: DOUBLE (Flyball, 8RXD, EV 105.0 MPH)
|
|
Batting: RHB Ricky Alvarado
|
0-0: Foul Ball, location: 2F 0-1: Ground out 6-3 (Groundball, 6, EV 82.5 MPH)
|
| Bottom of the 7th over - 4 runs, 3 hits, 0 errors, 1 left on base; San Francisco (APP) 0 - Bristol 14 |
| TOP OF THE 8TH |
|
San Francisco (APP) Giants batting - Pitching for Bristol Pirates : RHP Jerry Spitler
|
|
Now at 1B: Hector Barajas
|
|
|
Now in LF: Randy Bergman
|
|
|
Now in RF: Kazuyoshi Ikeda
|
|
|
Batting: SHB Russ Hudson
|
0-0: Called Strike 0-1: Ball 1-1: Foul Ball, location: 2F 1-2: Foul Ball, location: 2F 1-2: Foul Ball, location: 2F 1-2: Strikes out swinging
|
|
Batting: RHB Edward Jones
|
0-0: Ball 1-0: Ball 2-0: Foul Ball, location: 2F 2-1: Ball 3-1: Called Strike 3-2: Foul Ball, location: 2F 3-2: Strikes out swinging
|
|
Batting: RHB James Jenkins
|
0-0: Ball 1-0: Called Strike 1-1: Ball 2-1: Called Strike 2-2: Strikes out swinging
|
| Top of the 8th over - 0 runs, 0 hits, 0 errors, 0 left on base; San Francisco (APP) 0 - Bristol 14 |
| BOTTOM OF THE 8TH |
|
Bristol Pirates batting - Pitching for San Francisco (APP) Giants : LHP Randy Monaco
|
|
Batting: RHB Alex Arzate
|
0-0: Ball 1-0: Ball 2-0: Ball 3-0: Base on Balls
|
|
Batting: RHB Jon Solis
|
0-0: Ball 1-0: Called Strike 1-1: Called Strike 1-2: Strikes out swinging
|
|
Pinch Hitting: LHB Dave Cook
|
0-0: Called Strike 0-1: Fielders Choice at 2nd, 5-4 (Groundball, 5, EV 109.4 MPH)
|
|
Batting: RHB Ryan LeSueur
|
0-0: Called Strike 0-1: Foul Ball, location: 2F 0-2: DOUBLE (Flyball, 89D, EV 109.4 MPH) Dave Cook to third Runner from 3rd tries for Home, SAFE, throw by RF to trailing runner, SAFE at third!
|
|
Batting: SHB Juan Ayala
|
0-0: Called Strike 0-1: Ball 1-1: Ball 2-1: Ball Passed Ball! Ryan LeSueur scores 3-1: Ground out 5-3 (Groundball, 56, EV 110.6 MPH)
|
| Bottom of the 8th over - 2 runs, 1 hit, 0 errors, 0 left on base; San Francisco (APP) 0 - Bristol 16 |
| TOP OF THE 9TH |
|
San Francisco (APP) Giants batting - Pitching for Bristol Pirates : RHP Jerry Spitler
|
|
Pitching: RHP Francisco Santos
|
|
|
Now in RF: Dave Cook
|
|
|
Batting: RHB Danny Estrada
|
0-0: Swinging Strike 0-1: Ball 1-1: Ball 2-1: Called Strike 2-2: Strikes out swinging
|
|
Batting: RHB Sean Gilbert
|
0-0: Ball 1-0: Called Strike 1-1: Swinging Strike 1-2: Foul Ball, location: 2F 1-2: Ball 2-2: Ball 3-2: Strikes out swinging
|
|
Batting: RHB Jonathan Hemsley
|
0-0: Foul Ball, location: 2F 0-1: Swinging Strike 0-2: Ball 1-2: Strikes out looking
|
| Top of the 9th over - 0 runs, 0 hits, 0 errors, 0 left on base; San Francisco (APP) 0 - Bristol 16 |
|